 Dungeon Crawl Stone Soup version 0.21.1-1-g345015f (webtiles) character file.

228 letownia2 the Poker (level 6, -1/44 HPs)
             Began as a Merfolk Skald on Mar 13, 2018.
             Was an Initiate of Cheibriados.
             Slain by a crimson imp (3 damage)
             ... on level 5 of the Dungeon.
             The game lasted 00:09:45 (1533 turns).

letownia2 the Poker (Merfolk Skald)                 Turns: 1533, Time: 00:09:46

Health: -1/44      AC:  3    Str: 12    XL:     6   Next: 2%
Magic:  9/9        EV: 12    Int: 15    God:    Cheibriados [......]
Gold:   96         SH:  0    Dex: 15    Spells: 1/9 levels left

rFire    . . .     SeeInvis .   a - +0 spear
rCold    + . .     Gourm    .   (no shield)
rNeg     . . .     Faith    .   b - +0 leather armour
rPois    .         Spirit   .   (no helmet)
rElec    .         Reflect  .   i - scarf {cloud immunity}
rCorr    .         Harm     .   (no gloves)
MR       .....                  (no boots)
Stlth    +.........             (no amulet)
HPRegen  0.14/turn              j - ring of protection from cold
MPRegen  0.11/turn              (no ring)

@: lethally poisoned (-1 -> -5), hasted, quick
A: change form in water, swift swim, stealthy swim
a: Bend Time, Renounce Religion


You were on level 5 of the Dungeon.
You worshipped Cheibriados.
Cheibriados was noncommittal.
You were very hungry.

You visited 2 branches of the dungeon, and saw 6 of its levels.

You collected 180 gold pieces.
You spent 84 gold pieces at shops.

Inventory:

Hand Weapons
 a - a +0 spear (weapon)
 o - a +0 hunting sling
 s - a +0 blowgun
Missiles
 k - 2 tomahawks (quivered)
 t - 12 poisoned needles
Armour
 b - a +0 leather armour (worn)
 e - a +0 scale mail
 i - a scarf of cloud immunity (worn)
 l - a cursed +0 ring mail
 p - a +0 ring mail
Jewellery
 j - a ring of protection from cold (left hand)
Wands
 m - a wand of flame (22)
Scrolls
 f - 4 scrolls of remove curse
 g - 2 scrolls of teleportation {unknown}
 n - 2 scrolls of fog {unknown}
 q - a scroll of identify {unknown}
 r - a scroll of immolation {unknown}
 u - a scroll of amnesia {unknown}
 w - 2 scrolls of fear
Books
 c - a book of Battle

   Spells                             Type                      Level
   a - Infusion                       Charms                       1
   b - Shroud of Golubria             Charms/Translocation         2
   c - Song of Slaying                Charms                       2
   d - Spectral Weapon                Hexes/Charms                 3
   e - Regeneration                   Charms/Necromancy            3
Comestibles
 d - 7 rations


   Skills:
 - Level 2.1 Fighting
 + Level 6.3 Polearms
 - Level 0.6 Armour
 - Level 2.6 Dodging
 - Level 2.0 Spellcasting
 - Level 1.3 Hexes
 - Level 4.7 Charms
 - Level 1.4 Translocations


You had one spell level left.
You knew the following spells:

 Your Spells              Type           Power        Failure   Level  Hunger
a - Infusion              Chrm           ###.         4%          1    #......
l - Song of Slaying       Chrm           ###.....     6%          2    ###....
t - Shroud of Golubria    Chrm/Tloc      ##........   12%         2    ###....
x - Spectral Weapon       Hex/Chrm       ##......     24%         3    ###....


Dungeon Overview and Level Annotations

Branches:
Dungeon (5/15)             Temple (1/1) D:4

Altars:
Cheibriados
Hepliaklqana
Nemelex Xobeh
Ru
Sif Muna
Trog
Vehumet
Xom
Zin

Shops:
D:4 ?


Message History

You are feeling very hungry.
* * * LOW HITPOINT WARNING * * *
You feel sick. The crimson imp barely misses you.
Unknown command.
It was a potion of magic.
Magic courses through your body. The crimson imp hits you.
* * * LOW HITPOINT WARNING * * *
Your shroud falls apart!
It was a potion of haste.
You feel yourself speed up.
Cheibriados forgives your accidental hurry, just this once.
* * * LOW HITPOINT WARNING * * *
You feel sick. The crimson imp closely misses you.
Attack whom?
Press: ? - help, Dir - move target cursor, f - crimson imp
Aim: a crimson imp (lightly wounded)
You closely miss the crimson imp.
The crimson imp is lightly wounded.
Your spectral weapon hits the crimson imp from afar.
The crimson imp hits you.
You die...

....####.........#
. ##.......##
##..Z..## ##...##
##'## #.# #.#
##(######
#@........
#..5..####.
##...#.# ##.#....
#.##.### .>. .#
#.# # ..


You could see a crimson imp, a bullfrog skeleton and a friendly spectral spear.

Vanquished Creatures
  A gnoll shaman (D:5)
  Ijyb (D:3)
  4 gnolls (D:5)
  4 adders
  A dart slug (D:1)
  A leopard gecko (D:4)
  12 orcs
  4 bats
  4 giant cockroaches
  8 goblins
  7 hobgoblins
  16 jackals
  5 kobolds
  A quokka (D:2)
  7 frilled lizards
  5 rats
81 creatures vanquished.

Notes
Turn   | Place    | Note
-------+----------+-------------------------------------------
     0 | D:1      | letownia2 the Merfolk Skald began the quest for the Orb.
     0 | D:1      | Reached XP level 1. HP: 16/16 MP: 3/3
    76 | D:1      | Reached skill level 4 in Polearms
    76 | D:1      | Reached XP level 2. HP: 19/22 MP: 3/5
   160 | D:1      | Learned a level 2 spell: Shroud of Golubria
   200 | D:1      | Reached XP level 3. HP: 21/27 MP: 0/6
   270 | D:1      | Learned a level 3 spell: Spectral Weapon
   310 | D:1      | Reached skill level 1 in Translocations
   410 | D:2      | Found a sacrificial altar of Ru.
   420 | D:2      | Reached skill level 1 in Hexes
   453 | D:2      | Reached XP level 4. HP: 20/33 MP: 3/7
   619 | D:2      | Found a hazy altar of Hepliaklqana.
   641 | D:2      | Found a shimmering altar of Xom.
   641 | D:2      | Found a glowing silver altar of Zin.
   641 | D:2      | Noticed an angel
   895 | D:4      | Found a radiant altar of Vehumet.
   917 | D:5      | Entered Level 5 of the Dungeon
   977 | D:3      | Reached XP level 5. HP: 33/38 MP: 1/8
   996 | D:3      | Noticed Ijyb
  1018 | D:3      | Killed Ijyb
  1228 | D:4      | Found a staircase to the Ecumenical Temple.
  1240 | Temple   | Entered the Ecumenical Temple
  1244 | Temple   | Learned a level 2 spell: Song of Slaying
  1250 | Temple   | Became a worshipper of Cheibriados the Contemplative
  1276 | D:4      | Found Yczem's Magic Scroll Boutique.
  1286 | D:4      | Bought 2 scrolls of fear for 84 gold pieces
  1390 | D:5      | Reached skill level 5 in Polearms
  1402 | D:5      | Reached skill level 6 in Polearms
  1524 | D:5      | Reached XP level 6. HP: 11/44 MP: 4/9
  1531 | D:5      | HP: 2/44 [crimson imp (2)]
  1533 | D:5      | Slain by a crimson imp

Skill      XL: |  1  2  3  4  5 |
---------------+----------------+-----
Polearms       | 4 6 |  6.3
Translocations | 1 |  1.4
Hexes          | 1 |  1.3
Charms         | 4 |  4.7
Fighting       | |  2.1
Armour         | |  0.6
Dodging        | |  2.6
Spellcasting   | |  2.0

Action                   |  1- 3 |  4- 6 || total
-------------------------+-------+-------++-------
Melee: Spear             |   126 |   224 ||   350
       Tailslap          |     2 |       ||     2
Throw: Stone             |       |     1 ||     1
 Cast: Infusion          |     6 |       ||     6
       Shroud of Golubri |     5 |    24 ||    29
       Spectral Weapon   |       |     4 ||     4
  Use: Scroll            |       |     1 ||     1
       Potion            |       |     2 ||     2
  Eat: Chunk             |       |     5 ||     5
Armor: Leather armour    |    22 |    46 ||    68
Dodge: Dodged            |    70 |   114 ||   184
